Map: Ascension vers Aïur EC

Players

zidar

  • Race: Zerg Zerg
  • League: Gold
  • Spawn Location: 5:00

royalAura - Winner!

  • Race: Terran Terran
  • League: Platinum
  • Spawn Location: 11:00

VOD

Have the link to the VOD?

Description

Time

  • Played on: July 10, 2017, 2:50 p.m.
  • Length: 13:34
Show
View Real Time Build Order
Export as new Build Order

zidar Zerg 

Build Orders: Pool First, Muta Ling Bane, Zergling Baneling 

Get SALT Encoding   

  12  0:02  Drone  
  13  0:12  Overlord  
  13  0:17  Drone  
  14  0:30  Drone x2  
  14  0:34  Drone  
  17  0:51  Spawning Pool, Drone  
  17  1:13  Hatchery  
  17  1:17  Drone  
  17  1:19  Extractor  
  17  1:22  Drone  
  17  1:27  Drone  
  18  1:38  Queen  
  20  1:48  Zergling x2  
  20  1:49  Overlord  
  20  1:58  Drone  
  21  2:16  Baneling Nest  
  21  2:18  Queen  
  22  2:32  Drone x2  
  22  2:33  Drone  
  22  2:34  Overlord  
  25  2:41  Drone  
  26  3:03  Zergling x12  
  26  3:05  Metabolic Boost  
  32  3:11  Zergling x4  
  33  3:34  Zergling x4  
  33  3:35  Zergling x4  
  33  3:36  Zergling x2  
  33  3:37  Overlord x2  
  38  3:51  Baneling x4  
  38  3:52  Baneling  
  38  3:55  Zergling x8  
  42  4:17  Pneumatized Carapace  
  42  4:32  Baneling  
  42  4:33  Baneling  
  42  4:41  Zergling x4  
  42  4:42  Zergling x14  
  51  4:48  Baneling x2  
  25  5:50  Zergling x6  
  25  5:51  Zergling x6  
  31  6:03  Lair  
  31  6:11  Extractor  
  31  6:16  Spore Crawler  
  29  6:19  Spore Crawler  
  29  6:20  Drone x4  
  29  6:23  Baneling  
  29  6:24  Baneling x5  
  32  6:26  Zergling x10  
  37  6:46  Drone  
  38  6:48  Baneling  
  38  6:49  Baneling x2  
  31  7:15  Drone x10  
  35  7:16  Drone  
  42  7:33  Centrifical Hooks  
  42  7:39  Extractor  
  42  7:41  Extractor  
  40  7:51  Zergling x2  
  40  7:52  Zergling x18  
  40  7:56  Hatchery  
  40  7:57  Overlord  
  49  8:06  Evolution Chamber  
  49  8:11  Evolution Chamber  
  47  8:13  Baneling x3  
  47  8:18  Drone x3  
  50  8:27  Drone x3  
  50  8:28  Drone x2  
  50  8:32  Zergling x8  
  59  8:41  Spire  
  58  8:45  Drone  
  58  8:48  Overlord x4  
  59  8:55  Zerg Melee Weapons Level 1  
  59  9:06  Infestation Pit  
  58  9:16  Spire  
  57  9:22  Queen  
  59  9:31  Drone x6  
  59  9:32  Drone x6  
  59  9:37  Zergling x6  
  74  9:54  Zerg Ground Armor Level 1  
  74  9:57  Mutalisk x3  
  80  10:00  Baneling  
  80  10:01  Baneling x3  
  80  10:06  Zergling x6  
  84  10:07  Zergling x2  
  84  10:09  Overlord  
  84  10:15  Zergling x2  
  84  10:16  Zergling x6  
  88  10:27  Zergling x6  
  91  10:29  Zergling x12  
  91  10:33  Baneling x5  
  97  10:46  Overlord  
  97  10:47  Overlord x2  
  97  10:57  Overlord x3  
  85  11:11  Zergling x6  
  85  11:12  Zergling x18  
  85  11:14  Baneling  
  85  11:15  Baneling x7  
  97  11:24  Hive  
  97  11:28  Overlord  
  97  11:29  Overlord  
  63  12:04  Zergling x12  
  63  12:05  Zergling x6  
  57  12:31  Corruptor x3  
  57  12:32  Corruptor x3  
  67  13:02  Zergling x22  
Show
View Real Time Build Order
Export as new Build Order

royalAura Terran - Winner!

Build Orders:  

Get SALT Encoding   

  12  0:01  SCV  
  13  0:13  SCV  
  14  0:17  Supply Depot  
  14  0:25  SCV  
  15  0:39  SCV  
  15  0:40  Barracks  
  16  0:46  Refinery  
  16  0:53  SCV  
  17  1:05  SCV  
  18  1:18  SCV  
  19  1:29  Barracks Reactor  
  19  1:30  Orbital Command  
  19  1:41  Barracks  
  19  1:49  Refinery, Supply Depot  
  19  1:57  SCV  
  20  2:20  Marine  
  20  2:21  Command Center  
  21  2:26  SCV  
  22  2:30  Barracks Tech Lab  
  22  2:38  SCV  
  22  2:41  Marine x2  
  25  2:48  Factory  
  25  2:51  SCV  
  26  2:55  Stimpack  
  26  3:11  Marine x3  
  26  3:12  SCV  
  30  3:24  SCV  
  31  3:32  Marine x3  
  31  3:33  Factory Reactor  
  34  3:34  Starport  
  34  3:37  SCV  
  35  3:43  Orbital Command  
  35  3:51  Marine  
  35  3:52  Marine x2  
  38  3:59  Orbital Command  
  38  4:04  Supply Depot  
  38  4:15  Marine x2  
  38  4:16  Marine  
  41  4:24  Medivac x2  
  45  4:33  Marine x3  
  48  4:38  SCV x2  
  50  4:50  SCV  
  50  4:51  SCV  
  51  5:13  Factory Tech Lab  
  44  5:16  SCV  
  42  5:56  Siege Tank  
  45  5:59  SCV  
  45  6:03  Supply Depot  
  46  6:08  Liberator x2  
  46  6:10  Orbital Command  
  46  6:25  Marine, SCV  
  54  6:43  Supply Depot  
  54  6:44  Marine, Marauder, SCV x2, Siege Tank  
  62  6:56  SCV x2  
  48  7:04  Marine x2  
  48  7:06  Combat Shield, Marauder  
  52  7:08  SCV x2  
  54  7:20  SCV x2  
  56  7:23  Liberator  
  56  7:24  Liberator  
  56  7:28  Supply Depot  
  56  7:33  SCV x2  
  56  7:37  Barracks x2  
  58  7:39  Barracks  
  64  7:44  Marine x3  
  64  7:45  Siege Tank  
  70  7:52  SCV x2  
  70  7:55  Refinery  
  70  7:57  Refinery  
  72  8:04  SCV, Engineering Bay  
  73  8:06  Engineering Bay  
  73  8:18  Marine x2, Marauder  
  77  8:26  Barracks Tech Lab  
  77  8:27  Barracks Reactor  
  77  8:28  Barracks Reactor, Siege Tank  
  77  8:31  Supply Depot  
  77  8:33  Supply Depot  
  80  8:49  SCV  
  80  8:50  SCV  
  82  8:57  Marine x2, Marauder  
  82  8:58  Marauder  
  82  9:00  Siege Tank  
  82  9:02  SCV  
  92  9:07  Supply Depot  
  92  9:18  Marauder  
  92  9:19  Marine x3  
  92  9:20  Marauder  
  92  9:22  Marine  
  92  9:23  Marine  
  101  10:09  Marauder x2  
  101  10:10  Marine x5  
  110  10:26  Supply Depot  
  110  10:27  Supply Depot x2  
  110  10:28  Supply Depot  
  110  10:42  Command Center  
  110  10:46  Terran Infantry Armor Level 1, Terran Infantry Weapons Level 1  
  110  10:47  Marine x6, Siege Tank, Medivac x2  
  110  10:48  Marauder x2  
  127  11:05  Marine  
  123  11:52  Marauder x2  
  123  11:53  Marine x6  
  93  12:10  Marine  
  93  12:11  Marine x5  
  93  12:14  Marauder x2  
  103  12:20  SCV  
  103  12:21  SCV  
  103  12:22  Siege Tank  
  108  12:28  Marine x3  
  108  12:29  Marine x3  
  114  12:32  Medivac x2  
  114  12:35  Marauder x2  
  122  12:46  Marine  
  122  12:51  Marine x4  
  123  12:54  Siege Tank  
  123  12:56  Marine, Marauder  
  123  12:57  Marauder  
  135  13:04  Marine  
  133  13:09  Marine x3  
  136  13:14  Marine x2  
Tags
 
Add a new tag
Caveats
  • Supply blocks, unpowered buildings, or Contaminate may cause inaccurate times.
  • Supply counts are checked every 10 seconds.